 Dungeon Crawl Stone Soup version 0.19-a0-1740-g0bcaf2e (webtiles) character file.

461 4thArraOfDagon the Slasher (level 6, 0/48 HPs)
             Began as a Vampire Monk on Oct 2, 2016.
             Was a Believer of Okawaru.
             Slain by an ogre
             ... wielding a +0 giant spiked club
              (9 damage)
             ... on level 6 of the Dungeon.
             The game lasted 00:06:46 (1669 turns).

4thArraOfDagon the Slasher (Vampire Monk)           Turns: 1669, Time: 00:06:47

Health: 0/48       AC:  6    Str: 10    XL:     6   Next: 79%
Magic:  6/7        EV: 13    Int: 15    God:    Okawaru [**....]
Gold:   193        SH:  0    Dex: 19    Spells: 0 memorised, 5 levels left

rFire  . . .     SeeInvis +     a - +1 falchion
rCold  . . .     Gourm    .     o - +0 ring mail
rNeg   . . .     Faith    .     (no shield)
rPois  .         Spirit   .     s - +0 helmet
rElec  .         Dismiss  .     (no cloak)
rCorr  .         Reflect  .     (no gloves)
MR     .....     Harm     .     (no boots)
Stlth  ++........               (no amulet)
                                (no ring)
                                e - +3 ring of dexterity

@: regenerating quickly
A: fangs 3, see invisible, unbreathing
a: Heroism, Renounce Religion


You were on level 6 of the Dungeon.
You worshipped Okawaru.
Okawaru was pleased with you.
You were very full.

You visited 2 branches of the dungeon, and saw 7 of its levels.

You collected 193 gold pieces.

Inventory:

Hand Weapons
 a - a +1 falchion (weapon)
Armour
 b - a +0 robe
 o - a +0 ring mail (worn)
 s - a +0 helmet (worn)
Jewellery
 e - a +3 ring of dexterity (left hand)
Scrolls
 d - 3 scrolls of enchant armour
 f - a scroll of random uselessness {unknown}
 i - a scroll of fog {unknown}
 j - a scroll of recharging {unknown}
 l - a scroll of amnesia {unknown}
 n - a scroll of noise {unknown}
 p - 2 scrolls of remove curse
 q - a scroll of immolation {unknown}
 t - a scroll of identify
Potions
 c - 13 potions of blood
 g - a potion of brilliance {unknown}
 h - a potion of magic
 k - 4 potions of curing
 m - a potion of flight
 r - a potion of might


   Skills:
 + Level 3.8 Fighting
 * Level 5.7 Long Blades
 + Level 4.4 Dodging
 - Level 3.0 Stealth
 + Level 2.5 Invocations


You had 5 spell levels left.
You didn't know any spells.

Dungeon Overview and Level Annotations

Branches:
Dungeon (6/15)             Temple (1/1) D:4

Altars:
Ashenzari
Cheibriados
Elyvilon
Okawaru
Uskayaw
Zin


Innate Abilities, Weirdness & Mutations

Your natural rate of healing is unusually fast.
You have razor-sharp teeth.
You have supernaturally acute eyesight. (SInv)
You can survive without breathing.


Message History

The ogre is lightly wounded.
The ogre hits you with a giant spiked club!
You completely miss the ogre.
The ogre is lightly wounded.
You hit the ogre. You bite the ogre.
The ogre is moderately wounded.
The ogre hits you with a giant spiked club!
* * * LOW HITPOINT WARNING * * *
Unknown command.
You feel sick.
A scorpion comes into view.
Unknown command.
You feel like a meek peon again.
Unknown command.
There is a stone staircase leading up here.
Unknown command.
You feel sick.
You are no longer poisoned.
The ogre hits you with a giant spiked club!
You die...

#### #####..### #####
###........### #...##
#...........s# ##....#
##............## #.[...#
#..............#
#.....###..............#
#.....##.......O@......#
#....#..#............##
###.....##............#
.......###...........##
.#####..##...........#
## #..##............#
##..#.............#
..##........###..
#..#......###


You could see an ogre and a scorpion (sleeping).

Vanquished Creatures
  Grinder (D:4)
  A howler monkey (D:3)
  2 hounds (D:4)
  Jessica (D:2)
  A worker ant (D:6)
  5 adders
  2 oozes
  2 worms
  An orc (D:3)
  2 ball pythons (D:2)
  2 giant cockroaches (D:2)
  2 goblins
  8 hobgoblins
  23 jackals
  2 quokkas
  5 bats
  4 frilled lizards
  4 kobolds
  3 rats
71 creatures vanquished.

Notes
Turn   | Place    | Note
-------+----------+-------------------------------------------
     0 | D:1      | 4thArraOfDagon the Vampire Monk began the quest for the Orb.
     0 | D:1      | Reached XP level 1. HP: 17/17 MP: 1/1
    67 | D:1      | Reached XP level 2. HP: 21/23 MP: 2/2
   319 | D:3      | Reached skill level 4 in Long Blades
   319 | D:3      | Reached XP level 3. HP: 15/29 MP: 3/3
   391 | D:4      | Found a staircase to the Ecumenical Temple.
   400 | Temple   | Entered the Ecumenical Temple
   436 | Temple   | Became a worshipper of Warmaster Okawaru
   436 | Temple   | Reached * piety under Okawaru
   436 | Temple   | Reached ** piety under Okawaru
   475 | D:4      | Reached XP level 4. HP: 33/35 MP: 1/4
   498 | D:3      | Reached skill level 1 in Invocations
   582 | D:2      | Reached XP level 5. HP: 31/41 MP: 6/6
   667 | D:2      | Found a faded altar of an unknown god.
   784 | D:2      | Noticed Jessica
   820 | D:2      | Killed Jessica
   820 | D:2      | Reached skill level 5 in Long Blades
  1071 | D:4      | timbw: well
  1090 | D:4      | timbw: at least its not a centaur
  1106 | D:4      | 4thArraOfDagon: :D
  1230 | D:4      | Noticed Grinder
  1259 | D:4      | Paralysed by Grinder for 2 turns
  1293 | D:4      | Killed Grinder
  1293 | D:4      | Reached XP level 6. HP: 19/48 MP: 4/7
  1401 | D:5      | Entered Level 5 of the Dungeon
  1669 | D:6      | Slain by an ogre

Vault maps used:
D:1:      mrwooster_arrival_arrow, minmay_crystal_room
D:2:      amethyst_overflow_temple_binary, ecumenical_altar_2, uniq_jessica
D:3:      first_bread, kennysheep_generic_room_9
D:4:      uniq_grinder
D:5:      nicolae_overflow_hidden_temple, serial_glass, glass_columns_b,
          glass_columns_a, due_unseen_surprise, feat_on_display
D:6:      nicolae_tso_swordbearing_angel, uniq_prince_ribbit1
Temple:   nicolae_temple_figure_zero

Skill      XL: |  1  2  3  4  5 |
---------------+----------------+-----
Fighting       | 3 |  3.8
Long Blades    | 4 5 |  5.7
Invocations    | 1 2 |  2.5
Dodging        | 4 |  4.4
Stealth        | |  3.0

Action                   |  1- 3 |  4- 6 || total
-------------------------+-------+-------++-------
Melee: Falchion          |    95 |   228 ||   323
       Bite              |     7 |    22 ||    29
       Punch             |       |     3 ||     3
Invok: Heroism           |     1 |     8 ||     9
  Use: Potion            |     2 |     5 ||     7
       Scroll            |       |     6 ||     6
 Stab: Sleeping          |     2 |     2 ||     4
  Eat: Corpse            |     6 |     6 ||    12
Armor: Robe              |     4 |    15 ||    19
       Skin              |    73 |    11 ||    84
       Ring mail         |       |     8 ||     8
Dodge: Dodged            |    61 |   141 ||   202
